Sharks vs Wild

Created - 14 février 2018 at 20:23

Goals
1 2 3 OT1 SO T
Sharks 0 0 3 0 0 3
Wild 2 1 0 0 1 4
Shots
1 2 3 OT1 SO T
Sharks 15 6 10 1 4 32
Wild 12 8 15 5 4 40

1st period

1. Wild , Evgeny Kuznetsov 19 (Daniel Sedin 23, Adrian Kempe 9) at 5:34
2. Wild , Daniel Sedin 11 (Evgeny Kuznetsov 26, Brent Burns 26) at 13:06

Penalties :
No Penalty

2nd period

3. Wild , Brent Burns 12 (Jack Eichel 38, Marcus Johansson 27) at 17:54

Penalties :
Kris Letang (MIW) for Hooking (Minor) at 9:33, Evgeny Kuznetsov (MIW) for Slashing (Minor) at 19:53

3rd period

4. Sharks , Jonathan Drouin 22 (Tyson Barrie 20) at 7:17
5. Sharks , Patric Hornqvist 22 (Jonathan Huberdeau 22, Sidney Crosby 39) at 7:50 (PP)
6. Sharks , Teuvo Teravainen 13 (Justin Braun 14) at 13:56

Penalties :
Jack Eichel (MIW) for Charging (Minor) at 7:20, Ryan Suter (MIW) for Hooking (Minor) at 9:52, Nikita Zadorov (MIW) for Interference (Minor) at 18:13

Overtime #1

No Goal

Penalties :
No Penalty

Shootout

Penalty Shot by Sidney Crosby for Sharks - Stopped by Devan Dubnyk
Penalty Shot by Brent Burns for Wild - Stopped by Jake Allen
Penalty Shot by Gabriel Landeskog for Sharks - Stopped by Devan Dubnyk
Penalty Shot by Jack Eichel for Wild - Shot Misses the Net
Penalty Shot by Jonathan Huberdeau for Sharks - Shot Misses the Net
Penalty Shot by Marcus Johansson for Wild - Stopped by Jake Allen
Penalty Shot by Jonathan Drouin for Sharks - Stopped by Devan Dubnyk
Penalty Shot by Evgeny Kuznetsov for Wild - Goal!

Penalties :
No Penalty

Goalie Stats

Jake Allen (SJS), 37 saves from 40 shots - (0,925), OTL, 22-10-2, 65:00 minutes
Devan Dubnyk (MIW), 29 saves from 32 shots - (0,906), W, 23-19-5, 65:00 minutes

Players Stats for Sharks

Player Name              G  A  P  +/- PIM S  H  SB GA TA FO     MP     PP MP  PK MP  
------------------------------------------------------------------------------------
Alex Pietrangelo         0  0  0  -3  0   2  2  1  1  1  0/0    24:21   5:16   0:00 
Boone Jenner             0  0  0  -1  0   0  0  0  0  0  6/10   12:33   0:00   0:00 
Braydon Coburn           0  0  0  -3  0   0  2  4  0  0  0/0    26:02   5:16   0:00 
Brian Gibbons            0  0  0   0  0   0  0  0  0  0  0/0     8:34   0:00   0:00 
Colton Sceviour          0  0  0   0  0   1  0  2  0  0  2/4     8:34   0:00   0:00 
Dan Girardi              0  0  0   1  0   3  0  2  0  1  0/0    16:31   0:00   0:00 
Dylan Larkin             0  0  0  -1  0   2  3  0  0  1  8/16   18:59   3:38   0:00 
Gabriel Landeskog        0  0  0   1  0   0  3  0  1  0  4/6    22:23   3:38   0:00 
Jonathan Drouin          1  0  1   1  0   4  0  1  1  0  0/1    22:02   3:38   0:00 
Jonathan Huberdeau       0  1  1  -1  0   0  1  1  2  0  0/1    17:45   4:35   0:00 
Justin Braun             0  1  1   1  0   3  1  1  0  0  0/0    22:49   2:57   0:00 
Mark Borowiecki          0  0  0   1  0   1  0  2  0  0  0/0    15:07   0:00   0:00 
Mikkel Boedker           0  0  0  -1  0   0  1  0  0  0  0/1    11:25   0:00   0:00 
Patric Hornqvist         1  0  1  -1  0   4  4  0  0  1  0/1    20:46   4:35   0:00 
Sidney Crosby            0  1  1   1  0   6  1  0  1  0  12/30  23:13   4:35   0:00 
Steve Bernier            0  0  0   0  0   2  2  0  1  1  0/0     8:34   0:00   0:00 
Teuvo Teravainen         1  0  1  -1  0   3  0  0  0  1  0/1    15:12   0:00   0:00 
Tyson Barrie             0  1  1   1  0   1  0  1  0  0  0/0    20:23   2:57   0:00 

Players Stats for Wild

Player Name              G  A  P  +/- PIM S  H  SB GA TA FO     MP     PP MP  PK MP  
------------------------------------------------------------------------------------
Adam Lowry               0  0  0  -1  0   2  1  0  0  0  10/15  17:20   0:00   4:46 
Adrian Kempe             0  1  1   2  0   2  2  0  0  1  0/2    15:37   0:00   0:00 
Brent Burns              1  1  2   0  0   4  2  0  0  2  0/0    22:23   0:00   1:37 
Chris Tierney            0  0  0   0  0   3  1  0  0  0  2/3    11:10   0:00   3:19 
Christian Dvorak         0  0  0   0  0   3  0  1  0  0  0/0     9:15   0:00   1:24 
Daniel Sedin             1  1  2   2  0   1  2  0  0  0  0/1    18:13   0:00   2:16 
Evgeny Kuznetsov         1  1  2   2  2   3  2  0  1  0  9/16   16:51   0:00   0:00 
Jack Eichel              0  1  1   0  2   3  1  0  1  0  15/31  19:35   0:00   0:21 
Joel Ward                0  0  0  -1  0   2  2  0  1  1  1/1    16:33   0:00   4:33 
John Moore               0  0  0   2  0   1  0  0  0  0  0/0    12:26   0:00   0:00 
Jonas Brodin             0  0  0   0  0   2  1  0  0  0  0/0    21:33   0:00   3:47 
Kris Letang              0  0  0  -1  2   4  0  2  0  0  0/0    22:51   0:00   0:33 
Marcus Johansson         0  1  1   0  0   3  1  1  0  1  2/2    19:02   0:00   0:00 
Martin Marincin          0  0  0   2  0   0  2  2  1  1  0/0    19:14   0:00   5:17 
Nikita Zadorov           0  0  0  -1  2   1  3  3  0  1  0/0    24:23   0:00   3:51 
Ryan Hartman             0  0  0   0  0   2  1  0  0  0  0/0     7:51   0:00   0:00 
Ryan Suter               0  0  0   0  2   2  3  5  1  0  0/0    20:46   0:00   1:47 
William Nylander         0  0  0  -1  0   2  1  0  1  0  0/0    11:39   0:00   0:00 

3 Stars

1 - Daniel Sedin (MIW)
2 - Evgeny Kuznetsov (MIW)
3 - Brent Burns (MIW)

Power Play

Sharks - 1 on 5 Attempt(s) - 20,00%
Wild - 0 on 0 Attempt(s) - 0,00%

Penalty Kill

Sharks - 0 on 0 Attempt(s) - 0,00% - Score 0 goal in Penalty Kill
Wild - 4 on 5 Attempt(s) - 80,00% - Score 0 goal in Penalty Kill

Team Stat

Sharks - Hits : 20 - Faceoff Wins : 32 - Blocked Shots : 15 - Penalty Minutes : 0
Wild - Hits : 25 - Faceoff Wins : 39 - Blocked Shots : 14 - Penalty Minutes : 10

Official

Referees : Ghislain Hebert and Dan O'Rourke
Linesman : Michel Cormier and Mark Wheler

Game Notes

No Game Note

Finance

Level 1 -- Attendance: 4497 (74,95%) -- Ticket Income 449 700 $
Level 2 -- Attendance: 4820 (96,40%) -- Ticket Income 289 200 $
Level 3 -- Attendance: 2000 (100,00%) -- Ticket Income 70 000 $
Level 4 -- Attendance: 4000 (100,00%) -- Ticket Income 80 000 $
Luxury Box -- Attendance: 699 (69,90%) -- Ticket Income 139 800 $
Game was played at the Xcel Enery Center.
Total Attendance: 16016 (88,98%)
Total Ticket Income: 1 028 700 $
Other Income: 504 063 $
Total Income: 1 532 763 $

Sharks

5 vs 5 Forward 
   Center                   Left Wing                Right Wing               Time % Phy DF OF 
 1 Sidney Crosby            Gabriel Landeskog        Jonathan Drouin          36     0   1  4  
 2 Dylan Larkin             Patric Hornqvist         Teuvo Teravainen         34     0   1  4  
 3 Boone Jenner             Jonathan Huberdeau       Mikkel Boedker           25     0   1  4  
 4 Colton Sceviour          Brian Gibbons            Steve Bernier            5      0   1  4  

5 vs 5 Defense 
   Defense                  Defense                                           Time % Phy DF OF 
 1 Alex Pietrangelo         Braydon Coburn                                    36     0   1  4  
 2 Justin Braun             Dan Girardi                                       34     0   1  4  
 3 Mark Borowiecki          Tyson Barrie                                      30     0   1  4  
 4 Alex Pietrangelo         Braydon Coburn                                    0      0   1  4  

PowerPlay Forward 
   Center                   Left Wing                Right Wing               Time % Phy DF OF 
 1 Sidney Crosby            Jonathan Huberdeau       Patric Hornqvist         55     0   1  4  
 2 Dylan Larkin             Jonathan Drouin          Gabriel Landeskog        45     0   1  4  

PowerPlay Defense
   Defense                  Defense                                           Time % Phy DF OF 
 1 Alex Pietrangelo         Braydon Coburn                                    55     0   1  4  
 2 Justin Braun             Tyson Barrie                                      45     0   1  4  

Penalty Kill 4 Players Forward 
   Center                   Wing                     Time % Phy DF OF 
 1 Colton Sceviour          Steve Bernier            55     0   5  0  
 2 Boone Jenner             Brian Gibbons            45     0   5  0  

Penalty Kill 4 Players Defense
   Defense                  Defense                  Time % Phy DF OF 
 1 Alex Pietrangelo         Braydon Coburn           55     0   5  0  
 2 Justin Braun             Dan Girardi              45     0   5  0  

Penalty Kill - 3 Players Forward 
   Forward                                           Time % Phy DF OF 
 1 Colton Sceviour                                   55     1   4  0  
 2 Steve Bernier                                     45     1   4  0  

Penalty Kill - 3 Players Defense
   Defense                  Defense                  Time % Phy DF OF 
 1 Alex Pietrangelo         Braydon Coburn           55     1   4  0  
 2 Justin Braun             Dan Girardi              45     1   4  0  

4 vs 4 Forward 
   Center                   Wing                     Time % Phy DF OF 
 1 Dylan Larkin             Jonathan Drouin          55     1   2  2  
 2 Colton Sceviour          Steve Bernier            45     1   2  2  

4 vs 4 Defense
   Defense                  Defense                  Time % Phy DF OF 
 1 Alex Pietrangelo         Braydon Coburn           55     1   2  2  
 2 Justin Braun             Dan Girardi              45     1   2  2  

Last Minutes Offensive
   Center                   Left Wing                Right Wing               Defense                  Defense                  
   Sidney Crosby            Gabriel Landeskog        Jonathan Drouin          Justin Braun             Alex Pietrangelo         

Last Minutes Defensive
   Center                   Left Wing                Right Wing               Defense                  Defense                  
   Sidney Crosby            Gabriel Landeskog        Jonathan Drouin          Justin Braun             Alex Pietrangelo         

Goaltenders
Starting : Jake Allen               
Backup : Joonas Korpisalo         

Extra Forwards
Normal : Boone Jenner, Dylan Larkin, Mikkel Boedker - PP : Boone Jenner, Dylan Larkin - PK : Mikkel Boedker
Extra Defensemen
Normal : Mark Borowiecki, Dan Girardi, Justin Braun - PP : Mark Borowiecki - PK : Dan Girardi, Justin Braun
Penalty Shots
Sidney Crosby, Gabriel Landeskog, Jonathan Huberdeau, Jonathan Drouin, Patric Hornqvist
Custom OT Lines Forwards
Sidney Crosby, Gabriel Landeskog, Jonathan Huberdeau, Jonathan Drouin, Patric Hornqvist, Boone Jenner, Teuvo Teravainen, Dylan Larkin, Mikkel Boedker, Colton Sceviour
Custom OT Lines Defensemen
Justin Braun, Braydon Coburn, Tyson Barrie, Dan Girardi, Mark Borowiecki

Scratches
Zach Werenski (Right Leg Injury), Kenny Agostino (Healthy)

Wild

5 vs 5 Forward 
   Center                   Left Wing                Right Wing               Time % Phy DF OF 
 1 Jack Eichel              Marcus Johansson         Brent Burns              38     0   1  4  
 2 Evgeny Kuznetsov         Daniel Sedin             Adrian Kempe             32     1   0  4  
 3 Adam Lowry               William Nylander         Joel Ward                20     1   3  1  
 4 Chris Tierney            Christian Dvorak         Ryan Hartman             10     0   4  1  

5 vs 5 Defense 
   Defense                  Defense                                           Time % Phy DF OF 
 1 Nikita Zadorov           Kris Letang                                       40     1   2  2  
 2 Ryan Suter               Jonas Brodin                                      35     1   2  2  
 3 John Moore               Martin Marincin                                   25     1   2  2  
 4 Martin Marincin          Brent Burns                                       0      1   2  2  

PowerPlay Forward 
   Center                   Left Wing                Right Wing               Time % Phy DF OF 
 1 Jack Eichel              Marcus Johansson         Evgeny Kuznetsov         60     0   0  5  
 2 William Nylander         Daniel Sedin             Adrian Kempe             40     0   0  5  

PowerPlay Defense
   Defense                  Defense                                           Time % Phy DF OF 
 1 Brent Burns              Kris Letang                                       80     0   0  5  
 2 Ryan Suter               John Moore                                        20     0   1  4  

Penalty Kill 4 Players Forward 
   Center                   Wing                     Time % Phy DF OF 
 1 Adam Lowry               Joel Ward                60     1   2  2  
 2 Chris Tierney            Christian Dvorak         40     1   2  2  

Penalty Kill 4 Players Defense
   Defense                  Defense                  Time % Phy DF OF 
 1 Martin Marincin          Nikita Zadorov           60     0   5  0  
 2 Jonas Brodin             Ryan Suter               40     0   5  0  

Penalty Kill - 3 Players Forward 
   Forward                                           Time % Phy DF OF 
 1 Adam Lowry                                        60     0   5  0  
 2 Chris Tierney                                     40     0   5  0  

Penalty Kill - 3 Players Defense
   Defense                  Defense                  Time % Phy DF OF 
 1 Martin Marincin          Nikita Zadorov           60     0   5  0  
 2 Ryan Suter               Jonas Brodin             40     0   5  0  

4 vs 4 Forward 
   Center                   Wing                     Time % Phy DF OF 
 1 Jack Eichel              Marcus Johansson         60     1   2  2  
 2 Evgeny Kuznetsov         Daniel Sedin             40     1   2  2  

4 vs 4 Defense
   Defense                  Defense                  Time % Phy DF OF 
 1 Brent Burns              Kris Letang              60     1   2  2  
 2 Ryan Suter               John Moore               40     1   2  2  

Last Minutes Offensive
   Center                   Left Wing                Right Wing               Defense                  Defense                  
   Jack Eichel              Marcus Johansson         Evgeny Kuznetsov         Brent Burns              Kris Letang              

Last Minutes Defensive
   Center                   Left Wing                Right Wing               Defense                  Defense                  
   Chris Tierney            Adam Lowry               Joel Ward                Nikita Zadorov           Martin Marincin          

Goaltenders
Starting : Devan Dubnyk             
Backup : Anton Khudobin           

Extra Forwards
Normal : William Nylander, Joel Ward, Chris Tierney - PP : William Nylander, Joel Ward - PK : Chris Tierney
Extra Defensemen
Normal : Nikita Zadorov, Jonas Brodin, Martin Marincin - PP : Nikita Zadorov - PK : Jonas Brodin, Martin Marincin
Penalty Shots
Brent Burns, Jack Eichel, Marcus Johansson, Evgeny Kuznetsov, Daniel Sedin
Custom OT Lines Forwards
Brent Burns, Jack Eichel, Marcus Johansson, Evgeny Kuznetsov, Daniel Sedin, Adrian Kempe, Adam Lowry, William Nylander, Joel Ward, Chris Tierney
Custom OT Lines Defensemen
Brent Burns, Kris Letang, Ryan Suter, John Moore, Nikita Zadorov

Scratches
Lawson Crouse (Healthy), Andrej Nestrasil (Healthy), Frank Vatrano (Healthy), Scott Sabourin (Healthy)

% Time on Ice - Sharks

Lines # - Real PCT - Wanted PCT - Time Play
Normal Forward
1 - 32% - 36% - 16:40
2 - 29% - 34% - 15:08
3 - 22% - 25% - 11:25
4 - 17% - 5% - 8:34
Normal Defense
1 - 36% - 36% - 18:23
2 - 34% - 34% - 17:48
3 - 29% - 30% - 15:07
4 - 1% - 0% - 0:29
PP Forward
1 - 56% - 55% - 4:35
2 - 44% - 45% - 3:38
PP Defense
1 - 64% - 55% - 5:16
2 - 36% - 45% - 2:57
PK Forward
1 - 0% - 55%
2 - 0% - 45%
PK Defense
1 - 0% - 55%
2 - 0% - 45%
PK3 Forward
1 - 0% - 55%
2 - 0% - 45%
PK3 Defense
1 - 0% - 55%
2 - 0% - 45%
44 Forward
1 - 100% - 55% - 0:13
2 - 0% - 45% - 0:00
44 Defense
1 - 100% - 55% - 0:13
2 - 0% - 45% - 0:00
Last Minute Offensive  - 0:00
Last Minute Defensive  - 0:00
Total
Forward - 60:13
Defense - 60:13

% Time on Ice - Wild

Lines # - Real PCT - Wanted PCT - Time Play
Normal Forward
1 - 35% - 38% - 18:10
2 - 28% - 32% - 14:37
3 - 22% - 20% - 11:09
4 - 15% - 10% - 7:51
Normal Defense
1 - 40% - 40% - 20:33
2 - 34% - 35% - 17:46
3 - 23% - 25% - 11:42
4 - 3% - 0% - 1:46
PP Forward
1 - 0% - 60%
2 - 0% - 40%
PP Defense
1 - 0% - 80%
2 - 0% - 20%
PK Forward
1 - 83% - 60% - 6:49
2 - 17% - 40% - 1:24
PK Defense
1 - 68% - 60% - 5:37
2 - 32% - 40% - 2:36
PK3 Forward
1 - 100% - 60% - 0:13
2 - 0% - 40% - 0:00
PK3 Defense
1 - 100% - 60% - 0:13
2 - 0% - 40% - 0:00
44 Forward
1 - 0% - 60%
2 - 0% - 40%
44 Defense
1 - 0% - 60%
2 - 0% - 40%
Last Minute Offensive  - 0:00
Last Minute Defensive  - 0:00
Total
Forward - 60:13
Defense - 60:13

Play by Play

1st period


0:01 of 1st period - Jack Eichel wins face-off versus Sidney Crosby in neutral zone.
0:26 of 1st period - Braydon Coburn is hit by Nikita Zadorov and loses puck.
0:35 of 1st period - Wrist shot by Evgeny Kuznetsov.
0:35 of 1st period - Shot Misses the Net.
1:38 of 1st period - Mikkel Boedker is hit by Ryan Suter and loses puck.
2:41 of 1st period - Slapshot by Ryan Suter.
2:41 of 1st period - Stopped by Jake Allen with a rebound.
2:43 of 1st period - Snap shot by Ryan Hartman.
2:43 of 1st period - Shot Blocked by Colton Sceviour.
2:45 of 1st period - Snap shot by Chris Tierney.
2:45 of 1st period - Stopped by Jake Allen with a rebound.
2:47 of 1st period - Slapshot by Jonas Brodin.
2:47 of 1st period - Shot Misses the Net.
3:41 of 1st period - Adam Lowry is hit by Alex Pietrangelo and loses puck.
3:58 of 1st period - Snap shot by Christian Dvorak.
3:58 of 1st period - Deflect By Ryan Hartman.
3:58 of 1st period - Stopped by Jake Allen without a rebound.
3:59 of 1st period - Jack Eichel wins face-off versus Sidney Crosby in Sharks zone.
4:06 of 1st period - Snap shot by Sidney Crosby.
4:06 of 1st period - Shot Misses the Net.
4:08 of 1st period - Slapshot by Mark Borowiecki.
4:08 of 1st period - Stopped by Devan Dubnyk without a rebound.
4:09 of 1st period - Jack Eichel wins face-off versus Sidney Crosby in Wild zone.
4:22 of 1st period - Slapshot by Sidney Crosby.
4:22 of 1st period - Stopped by Devan Dubnyk without a rebound.
4:23 of 1st period - Evgeny Kuznetsov wins face-off versus Dylan Larkin in Wild zone.
4:32 of 1st period - Snap shot by Adrian Kempe.
4:32 of 1st period - Shot Misses the Net.
4:34 of 1st period - Slapshot by Ryan Suter.
4:34 of 1st period - Stopped by Jake Allen without a rebound.
4:35 of 1st period - Evgeny Kuznetsov wins face-off versus Dylan Larkin in Sharks zone.
4:38 of 1st period - Snap shot by Adrian Kempe.
4:38 of 1st period - Shot Misses the Net.
4:40 of 1st period - Wrist shot by Adrian Kempe.
4:40 of 1st period - Shot Blocked by Braydon Coburn.
4:42 of 1st period - Snap shot by Adrian Kempe.
4:42 of 1st period - Shot Hit the Post.
4:44 of 1st period - Snap shot by John Moore.
4:44 of 1st period - Stopped by Jake Allen without a rebound.
4:45 of 1st period - Dylan Larkin wins face-off versus Daniel Sedin in Sharks zone.
4:54 of 1st period - Wrist shot by Dylan Larkin.
4:54 of 1st period - Shot Blocked by Martin Marincin.
5:08 of 1st period - Slapshot by Adrian Kempe.
5:08 of 1st period - Shot Misses the Net.
5:34 of 1st period - Backhand shot by Evgeny Kuznetsov.
5:34 of 1st period - Goal by Evgeny Kuznetsov - Sharks : 0 - Wild : 1.
5:35 of 1st period - Jack Eichel wins face-off versus Sidney Crosby in neutral zone.
6:02 of 1st period - Adam Lowry is hit by Mikkel Boedker and loses puck.
6:11 of 1st period - Snap shot by Joel Ward.
6:11 of 1st period - Shot Blocked by Dan Girardi.
6:25 of 1st period - Snap shot by Brian Gibbons.
6:25 of 1st period - Shot Blocked by Ryan Suter.
6:27 of 1st period - Slapshot by Justin Braun.
6:27 of 1st period - Shot Blocked by Ryan Suter.
6:29 of 1st period - Slapshot by Justin Braun.
6:29 of 1st period - Stopped by Devan Dubnyk with a rebound.
6:31 of 1st period - Slapshot by Justin Braun.
6:31 of 1st period - Stopped by Devan Dubnyk with a rebound.
6:33 of 1st period - Slapshot by Dan Girardi.
6:33 of 1st period - Stopped by Devan Dubnyk without a rebound.
6:34 of 1st period - Sidney Crosby wins face-off versus Jack Eichel in Wild zone.
6:49 of 1st period - Wrist shot by Jack Eichel.
6:49 of 1st period - Deflect By Gabriel Landeskog.
6:49 of 1st period - Shot Misses the Net.
6:49 of 1st period - Puck is out of play.
6:50 of 1st period - Evgeny Kuznetsov wins face-off versus Mikkel Boedker in Sharks zone.
7:15 of 1st period - Mark Borowiecki is hit by Marcus Johansson and loses puck.
7:30 of 1st period - Gabriel Landeskog is hit by Ryan Suter and loses puck.
7:41 of 1st period - Kris Letang is hit by Dylan Larkin and loses puck.
9:01 of 1st period - Snap shot by William Nylander.
9:01 of 1st period - Deflect By Joel Ward.
9:01 of 1st period - Shot Blocked by Mark Borowiecki.
9:01 of 1st period - Puck is out of play.
9:02 of 1st period - Dylan Larkin wins face-off versus Adam Lowry in Sharks zone.
9:13 of 1st period - Wrist shot by Dylan Larkin.
9:13 of 1st period - Shot Misses the Net.
9:34 of 1st period - Ryan Suter is hit by Gabriel Landeskog and loses puck.
10:13 of 1st period - Mark Borowiecki is hit by Joel Ward and loses puck.
10:20 of 1st period - Slapshot by Kris Letang.
10:20 of 1st period - Shot Blocked by Colton Sceviour.
10:24 of 1st period - Snap shot by William Nylander.
10:24 of 1st period - Shot Misses the Net.
10:42 of 1st period - Slapshot by Dylan Larkin.
10:42 of 1st period - Stopped by Devan Dubnyk without a rebound.
10:43 of 1st period - Jack Eichel wins face-off versus Sidney Crosby in Wild zone.
10:56 of 1st period - Backhand shot by Marcus Johansson.
10:56 of 1st period - Shot Misses the Net.
11:25 of 1st period - Nikita Zadorov is hit by Dylan Larkin and loses puck.
12:19 of 1st period - Slapshot by Kris Letang.
12:19 of 1st period - Deflect By Ryan Hartman.
12:19 of 1st period - Stopped by Jake Allen without a rebound.
12:20 of 1st period - Chris Tierney wins face-off versus Sidney Crosby in Sharks zone.
12:27 of 1st period - Wrist shot by Christian Dvorak.
12:27 of 1st period - Stopped by Jake Allen with a rebound.
12:29 of 1st period - Wrist shot by Jonas Brodin.
12:29 of 1st period - Stopped by Jake Allen with a rebound.
12:31 of 1st period - Snap shot by Chris Tierney.
12:31 of 1st period - Deflect By Christian Dvorak.
12:31 of 1st period - Shot Blocked by Mark Borowiecki.
12:31 of 1st period - Puck is out of play.
12:32 of 1st period - Jack Eichel wins face-off versus Sidney Crosby in Sharks zone.
12:45 of 1st period - Ryan Suter is hit by Braydon Coburn and loses puck.
13:06 of 1st period - Wrist shot by Daniel Sedin.
13:06 of 1st period - Goal by Daniel Sedin - Sharks : 0 - Wild : 2.
13:07 of 1st period - Dylan Larkin wins face-off versus Jack Eichel in neutral zone.
13:18 of 1st period - Wrist shot by Patric Hornqvist.
13:18 of 1st period - Shot Blocked by Ryan Suter.
13:20 of 1st period - Slapshot by Justin Braun.
13:20 of 1st period - Shot Blocked by Ryan Suter.
13:22 of 1st period - Slapshot by Justin Braun.
13:22 of 1st period - Stopped by Devan Dubnyk with a rebound.
13:32 of 1st period - Dan Girardi is hit by Ryan Suter.
14:21 of 1st period - Chris Tierney is hit by Patric Hornqvist and loses puck.
14:42 of 1st period - Backhand shot by Jack Eichel.
14:42 of 1st period - Stopped by Jake Allen without a rebound.
14:43 of 1st period - Jack Eichel wins face-off versus Colton Sceviour in Sharks zone.
14:56 of 1st period - Wrist shot by Jack Eichel.
14:56 of 1st period - Shot Blocked by Braydon Coburn.
14:58 of 1st period - Slapshot by John Moore.
14:58 of 1st period - Shot Misses the Net.
15:00 of 1st period - Snap shot by John Moore.
15:00 of 1st period - Shot Misses the Net.
15:14 of 1st period - Slapshot by Braydon Coburn.
15:14 of 1st period - Deflect By Steve Bernier.
15:14 of 1st period - Stopped by Devan Dubnyk with a rebound.
15:48 of 1st period - Snap shot by Colton Sceviour.
15:48 of 1st period - Shot Misses the Net.
15:56 of 1st period - Snap shot by Colton Sceviour.
15:56 of 1st period - Deflect By Steve Bernier.
15:56 of 1st period - Shot Misses the Net.
15:56 of 1st period - Puck is out of play.
15:57 of 1st period - Sidney Crosby wins face-off versus Evgeny Kuznetsov in Wild zone.
16:06 of 1st period - Snap shot by Jonathan Drouin.
16:06 of 1st period - Stopped by Devan Dubnyk with a rebound.
16:08 of 1st period - Slapshot by Dan Girardi.
16:08 of 1st period - Stopped by Devan Dubnyk with a rebound.
16:10 of 1st period - Snap shot by Gabriel Landeskog.
16:10 of 1st period - Shot Blocked by Ryan Suter.
16:29 of 1st period - Snap shot by Teuvo Teravainen.
16:29 of 1st period - Stopped by Devan Dubnyk without a rebound.
16:30 of 1st period - Boone Jenner wins face-off versus Adam Lowry in Wild zone.
16:45 of 1st period - Kris Letang is hit by Jonathan Huberdeau and loses puck.
17:07 of 1st period - Snap shot by Jonathan Drouin.
17:07 of 1st period - Stopped by Devan Dubnyk without a rebound.
17:08 of 1st period - Adam Lowry wins face-off versus Dylan Larkin in Wild zone.
17:17 of 1st period - Justin Braun is hit by Jonas Brodin and loses puck.
17:49 of 1st period - Dan Girardi is hit by Adam Lowry and loses puck.
18:08 of 1st period - Snap shot by Brent Burns.
18:08 of 1st period - Shot Blocked by Tyson Barrie.
18:34 of 1st period - Backhand shot by Evgeny Kuznetsov.
18:34 of 1st period - Shot Misses the Net.
18:54 of 1st period - Snap shot by Christian Dvorak.
18:54 of 1st period - Stopped by Jake Allen without a rebound.
18:55 of 1st period - Sidney Crosby wins face-off versus Jack Eichel in Sharks zone.
19:24 of 1st period - Slapshot by Patric Hornqvist.
19:24 of 1st period - Stopped by Devan Dubnyk with a rebound.
19:26 of 1st period - Backhand shot by Dylan Larkin.
19:26 of 1st period - Stopped by Devan Dubnyk without a rebound.
19:27 of 1st period - Dylan Larkin wins face-off versus Evgeny Kuznetsov in Wild zone.
19:40 of 1st period - Wrist shot by Patric Hornqvist.
19:40 of 1st period - Stopped by Devan Dubnyk without a rebound.
19:41 of 1st period - Jack Eichel wins face-off versus Boone Jenner in Wild zone.
Goals for this period are 0 for Sharks vs 2 for Wild.
Shots for this period are 15 for Sharks vs 12 for Wild.

2nd period


0:01 of 2nd period - Evgeny Kuznetsov wins face-off versus Sidney Crosby in neutral zone.
0:08 of 2nd period - Wrist shot by Evgeny Kuznetsov.
0:08 of 2nd period - Shot Blocked by Braydon Coburn.
0:57 of 2nd period - Snap shot by Christian Dvorak.
0:57 of 2nd period - Deflect By Chris Tierney.
0:57 of 2nd period - Stopped by Jake Allen with a rebound.
0:59 of 2nd period - Snap shot by Chris Tierney.
0:59 of 2nd period - Shot Blocked by Alex Pietrangelo.
1:26 of 2nd period - Icing by Alex Pietrangelo.
1:27 of 2nd period - Sidney Crosby wins face-off versus Evgeny Kuznetsov in Sharks zone.
1:42 of 2nd period - Wrist shot by Daniel Sedin.
1:42 of 2nd period - Deflect By Adrian Kempe.
1:42 of 2nd period - Stopped by Jake Allen with a rebound.
1:53 of 2nd period - Off-side.
1:54 of 2nd period - Dylan Larkin wins face-off versus Jack Eichel in neutral zone.
1:57 of 2nd period - Slapshot by Dan Girardi.
1:57 of 2nd period - Deflect By Kris Letang.
1:57 of 2nd period - Stopped by Devan Dubnyk with a rebound.
2:09 of 2nd period - Wrist shot by Patric Hornqvist.
2:09 of 2nd period - Stopped by Devan Dubnyk with a rebound.
3:21 of 2nd period - Dylan Larkin is hit by Evgeny Kuznetsov and loses puck.
3:54 of 2nd period - Martin Marincin is hit by Alex Pietrangelo and loses puck.
4:41 of 2nd period - Dan Girardi is hit by Ryan Hartman and loses puck.
5:26 of 2nd period - Slapshot by Joel Ward.
5:26 of 2nd period - Shot Blocked by Dan Girardi.
6:02 of 2nd period - Ryan Suter is hit by Braydon Coburn and loses puck.
7:39 of 2nd period - Steve Bernier is hit by Daniel Sedin and loses puck.
7:46 of 2nd period - Snap shot by Evgeny Kuznetsov.
7:46 of 2nd period - Stopped by Jake Allen with a rebound.
8:00 of 2nd period - Nikita Zadorov is hit by Gabriel Landeskog and loses puck.
8:12 of 2nd period - Snap shot by Sidney Crosby.
8:12 of 2nd period - Stopped by Devan Dubnyk with a rebound.
8:14 of 2nd period - Slapshot by Dan Girardi.
8:14 of 2nd period - Shot Misses the Net.
8:43 of 2nd period - Braydon Coburn is hit by Daniel Sedin and loses puck.
8:50 of 2nd period - Dan Girardi is hit by Adrian Kempe and loses puck.
8:55 of 2nd period - Wrist shot by Evgeny Kuznetsov.
8:55 of 2nd period - Shot Misses the Net.
9:07 of 2nd period - Justin Braun is hit by Martin Marincin and loses puck.
9:26 of 2nd period - Teuvo Teravainen is hit by Nikita Zadorov.
9:33 of 2nd period - Minor Penalty to Kris Letang for Hooking.
9:34 of 2nd period - Adam Lowry wins face-off versus Sidney Crosby in Wild zone.
10:35 of 2nd period - Snap shot by Chris Tierney.
10:35 of 2nd period - Stopped by Jake Allen without a rebound.
10:36 of 2nd period - Dylan Larkin wins face-off versus Chris Tierney in Sharks zone.
10:55 of 2nd period - Wrist shot by Jonathan Huberdeau.
10:55 of 2nd period - Shot Hit the Post.
10:59 of 2nd period - Snap shot by Sidney Crosby.
10:59 of 2nd period - Stopped by Devan Dubnyk with a rebound.
11:30 of 2nd period - Alex Pietrangelo is hit by Jack Eichel and loses puck.
11:33 of 2nd period - Penalty to Kris Letang is over, Kris Letang is back on ice.
12:05 of 2nd period - Wrist shot by Adrian Kempe.
12:05 of 2nd period - Stopped by Jake Allen without a rebound.
12:06 of 2nd period - Evgeny Kuznetsov wins face-off versus Boone Jenner in Sharks zone.
12:31 of 2nd period - Ryan Suter is hit by Sidney Crosby and loses puck.
13:16 of 2nd period - Slapshot by Tyson Barrie.
13:16 of 2nd period - Shot Misses the Net.
13:18 of 2nd period - Wrist shot by Brian Gibbons.
13:18 of 2nd period - Shot Misses the Net.
13:20 of 2nd period - Slapshot by Tyson Barrie.
13:20 of 2nd period - Shot Blocked by Christian Dvorak.
13:22 of 2nd period - Slapshot by Mark Borowiecki.
13:22 of 2nd period - Shot Misses the Net.
13:24 of 2nd period - Snap shot by Steve Bernier.
13:24 of 2nd period - Shot Blocked by Kris Letang.
13:34 of 2nd period - Dan Girardi is hit by Evgeny Kuznetsov and loses puck.
14:18 of 2nd period - Dylan Larkin is hit by Joel Ward and loses puck.
14:33 of 2nd period - Adrian Kempe is hit by Steve Bernier and loses puck.
15:13 of 2nd period - Snap shot by Joel Ward.
15:13 of 2nd period - Shot Blocked by Braydon Coburn.
15:15 of 2nd period - Wrist shot by Jonas Brodin.
15:15 of 2nd period - Shot Blocked by Jonathan Drouin.
16:49 of 2nd period - Slapshot by Tyson Barrie.
16:49 of 2nd period - Shot Blocked by Marcus Johansson.
16:51 of 2nd period - Snap shot by Mark Borowiecki.
16:51 of 2nd period - Deflect By Boone Jenner.
16:51 of 2nd period - Shot Misses the Net.
16:51 of 2nd period - Puck is out of play.
16:52 of 2nd period - Evgeny Kuznetsov wins face-off versus Sidney Crosby in Wild zone.
17:21 of 2nd period - Off-side.
17:22 of 2nd period - Boone Jenner wins face-off versus Jack Eichel in neutral zone.
17:24 of 2nd period - Off-side.
17:25 of 2nd period - Boone Jenner wins face-off versus Jack Eichel in neutral zone.
17:54 of 2nd period - Wrist shot by Brent Burns.
17:54 of 2nd period - Goal by Brent Burns - Sharks : 0 - Wild : 3.
17:55 of 2nd period - Jack Eichel wins face-off versus Dylan Larkin in neutral zone.
18:24 of 2nd period - Snap shot by Joel Ward.
18:24 of 2nd period - Stopped by Jake Allen without a rebound.
18:25 of 2nd period - Adam Lowry wins face-off versus Sidney Crosby in Sharks zone.
18:26 of 2nd period - Snap shot by William Nylander.
18:26 of 2nd period - Deflect By Adam Lowry.
18:26 of 2nd period - Stopped by Jake Allen with a rebound.
18:34 of 2nd period - Wrist shot by Sidney Crosby.
18:34 of 2nd period - Shot Blocked by Martin Marincin.
18:40 of 2nd period - Snap shot by Sidney Crosby.
18:40 of 2nd period - Stopped by Devan Dubnyk with a rebound.
19:18 of 2nd period - Snap shot by Sidney Crosby.
19:18 of 2nd period - Stopped by Devan Dubnyk without a rebound.
19:19 of 2nd period - Dylan Larkin wins face-off versus Jack Eichel in Wild zone.
19:43 of 2nd period - Icing by Patric Hornqvist.
19:44 of 2nd period - Boone Jenner wins face-off versus Evgeny Kuznetsov in Sharks zone.
19:46 of 2nd period - Icing by Mikkel Boedker.
19:47 of 2nd period - Boone Jenner wins face-off versus Evgeny Kuznetsov in Sharks zone.
19:53 of 2nd period - Minor Penalty to Evgeny Kuznetsov for Slashing.
19:54 of 2nd period - Adam Lowry wins face-off versus Sidney Crosby in Wild zone.
Goals for this period are 0 for Sharks vs 1 for Wild.
Shots for this period are 6 for Sharks vs 8 for Wild.

3rd period


0:01 of 3rd period - Sidney Crosby wins face-off versus Adam Lowry in neutral zone.
1:22 of 3rd period - Chris Tierney is hit by Patric Hornqvist.
1:53 of 3rd period - Penalty to Evgeny Kuznetsov is over, Evgeny Kuznetsov is back on ice.
2:13 of 3rd period - Snap shot by Colton Sceviour.
2:13 of 3rd period - Stopped by Devan Dubnyk with a rebound.
2:30 of 3rd period - Slapshot by Evgeny Kuznetsov.
2:30 of 3rd period - Shot Hit the Post.
2:32 of 3rd period - Slapshot by Ryan Suter.
2:32 of 3rd period - Shot Blocked by Jonathan Huberdeau.
2:34 of 3rd period - Snap shot by Joel Ward.
2:34 of 3rd period - Stopped by Jake Allen with a rebound.
2:36 of 3rd period - Slapshot by Ryan Suter.
2:36 of 3rd period - Deflect By Evgeny Kuznetsov.
2:36 of 3rd period - Shot Misses the Net.
2:36 of 3rd period - Puck is out of play.
2:37 of 3rd period - Colton Sceviour wins face-off versus Jack Eichel in Sharks zone.
2:49 of 3rd period - Wrist shot by Kris Letang.
2:49 of 3rd period - Stopped by Jake Allen without a rebound.
2:50 of 3rd period - Jack Eichel wins face-off versus Sidney Crosby in Sharks zone.
3:05 of 3rd period - Snap shot by Jack Eichel.
3:05 of 3rd period - Shot Misses the Net.
3:20 of 3rd period - Off-side.
3:21 of 3rd period - Evgeny Kuznetsov wins face-off versus Dylan Larkin in neutral zone.
3:32 of 3rd period - Wrist shot by Evgeny Kuznetsov.
3:32 of 3rd period - Stopped by Jake Allen without a rebound.
3:33 of 3rd period - Sidney Crosby wins face-off versus Jack Eichel in Sharks zone.
3:33 of 3rd period - Sidney Crosby is hit by Brent Burns.
4:25 of 3rd period - Wrist shot by Ryan Hartman.
4:25 of 3rd period - Shot Misses the Net.
4:27 of 3rd period - Snap shot by Ryan Hartman.
4:27 of 3rd period - Shot Misses the Net.
4:29 of 3rd period - Snap shot by John Moore.
4:29 of 3rd period - Deflect By Ryan Hartman.
4:29 of 3rd period - Shot Blocked by Justin Braun.
4:29 of 3rd period - Puck is out of play.
4:30 of 3rd period - Marcus Johansson wins face-off versus Gabriel Landeskog in Sharks zone.
4:56 of 3rd period - Off-side.
4:57 of 3rd period - Evgeny Kuznetsov wins face-off versus Boone Jenner in neutral zone.
5:07 of 3rd period - Wrist shot by Adrian Kempe.
5:07 of 3rd period - Shot Misses the Net.
5:30 of 3rd period - Slapshot by Nikita Zadorov.
5:30 of 3rd period - Stopped by Jake Allen with a rebound.
5:32 of 3rd period - Wrist shot by Jack Eichel.
5:32 of 3rd period - Stopped by Jake Allen without a rebound.
5:33 of 3rd period - Dylan Larkin wins face-off versus Jack Eichel in Sharks zone.
5:33 of 3rd period - Tyson Barrie is hit by Brent Burns.
5:49 of 3rd period - Snap shot by Brent Burns.
5:49 of 3rd period - Stopped by Jake Allen without a rebound.
5:50 of 3rd period - Sidney Crosby wins face-off versus Evgeny Kuznetsov in Sharks zone.
6:07 of 3rd period - Backhand shot by Jonathan Drouin.
6:07 of 3rd period - Stopped by Devan Dubnyk with a rebound.
6:21 of 3rd period - Wrist shot by Boone Jenner.
6:21 of 3rd period - Shot Misses the Net.
6:23 of 3rd period - Slapshot by Alex Pietrangelo.
6:23 of 3rd period - Shot Misses the Net.
6:25 of 3rd period - Slapshot by Alex Pietrangelo.
6:25 of 3rd period - Stopped by Devan Dubnyk with a rebound.
6:27 of 3rd period - Snap shot by Jonathan Huberdeau.
6:27 of 3rd period - Shot Misses the Net.
6:29 of 3rd period - Slapshot by Alex Pietrangelo.
6:29 of 3rd period - Shot Misses the Net.
6:39 of 3rd period - Slapshot by Kris Letang.
6:39 of 3rd period - Deflect By Patric Hornqvist.
6:39 of 3rd period - Stopped by Jake Allen with a rebound.
7:03 of 3rd period - Wrist shot by Sidney Crosby.
7:03 of 3rd period - Shot Misses the Net.
7:05 of 3rd period - Slapshot by Alex Pietrangelo.
7:05 of 3rd period - Deflect By Adam Lowry.
7:05 of 3rd period - Stopped by Devan Dubnyk without a rebound.
7:06 of 3rd period - Adam Lowry wins face-off versus Jonathan Drouin in Wild zone.
7:17 of 3rd period - Snap shot by Jonathan Drouin.
7:17 of 3rd period - Goal by Jonathan Drouin - Sharks : 1 - Wild : 3.
7:18 of 3rd period - Jack Eichel wins face-off versus Dylan Larkin in neutral zone.
7:20 of 3rd period - Minor Penalty to Jack Eichel for Charging.
7:21 of 3rd period - Adam Lowry wins face-off versus Sidney Crosby in Wild zone.
7:21 of 3rd period - Adam Lowry is hit by Patric Hornqvist.
7:28 of 3rd period - Slapshot by Sidney Crosby.
7:28 of 3rd period - Stopped by Devan Dubnyk without a rebound.
7:29 of 3rd period - Adam Lowry wins face-off versus Jonathan Huberdeau in Wild zone.
7:46 of 3rd period - Wrist shot by Jonathan Huberdeau.
7:46 of 3rd period - Shot Misses the Net.
7:48 of 3rd period - Wrist shot by Patric Hornqvist.
7:48 of 3rd period - Shot Misses the Net.
7:50 of 3rd period - Snap shot by Patric Hornqvist.
7:50 of 3rd period - Goal by Patric Hornqvist - Sharks : 2 - Wild : 3.
7:51 of 3rd period - Jack Eichel wins face-off versus Teuvo Teravainen in neutral zone.
8:48 of 3rd period - Slapshot by Kris Letang.
8:48 of 3rd period - Stopped by Jake Allen with a rebound.
8:58 of 3rd period - Snap shot by Mikkel Boedker.
8:58 of 3rd period - Shot Misses the Net.
9:00 of 3rd period - Snap shot by Colton Sceviour.
9:00 of 3rd period - Shot Blocked by Nikita Zadorov.
9:02 of 3rd period - Slapshot by Steve Bernier.
9:02 of 3rd period - Stopped by Devan Dubnyk without a rebound.
9:03 of 3rd period - Jack Eichel wins face-off versus Colton Sceviour in Wild zone.
9:03 of 3rd period - Jack Eichel is hit by Steve Bernier.
9:09 of 3rd period - Snap shot by Brent Burns.
9:09 of 3rd period - Stopped by Jake Allen with a rebound.
9:11 of 3rd period - Wrist shot by Marcus Johansson.
9:11 of 3rd period - Stopped by Jake Allen without a rebound.
9:12 of 3rd period - Gabriel Landeskog wins face-off versus Jack Eichel in Sharks zone.
9:30 of 3rd period - Off-side.
9:31 of 3rd period - Evgeny Kuznetsov wins face-off versus Dylan Larkin in neutral zone.
9:52 of 3rd period - Minor Penalty to Ryan Suter for Hooking.
9:53 of 3rd period - Sidney Crosby wins face-off versus Adam Lowry in Wild zone.
9:54 of 3rd period - Snap shot by Patric Hornqvist.
9:54 of 3rd period - Shot Misses the Net.
9:56 of 3rd period - Slapshot by Braydon Coburn.
9:56 of 3rd period - Shot Blocked by Nikita Zadorov.
9:58 of 3rd period - Wrist shot by Braydon Coburn.
9:58 of 3rd period - Shot Misses the Net.
11:39 of 3rd period - Icing by Jonathan Drouin.
11:40 of 3rd period - Gabriel Landeskog wins face-off versus Jack Eichel in Sharks zone.
11:52 of 3rd period - Penalty to Ryan Suter is over, Ryan Suter is back on ice.
11:58 of 3rd period - Off-side.
11:59 of 3rd period - Colton Sceviour wins face-off versus Jack Eichel in neutral zone.
12:14 of 3rd period - Wrist shot by Brent Burns.
12:14 of 3rd period - Stopped by Jake Allen with a rebound.
12:16 of 3rd period - Wrist shot by Marcus Johansson.
12:16 of 3rd period - Stopped by Jake Allen without a rebound.
12:17 of 3rd period - Sidney Crosby wins face-off versus Adrian Kempe in Sharks zone.
12:27 of 3rd period - Gabriel Landeskog is hit by Adrian Kempe and loses puck.
12:42 of 3rd period - Marcus Johansson is hit by Patric Hornqvist and loses puck.
12:49 of 3rd period - Slapshot by Teuvo Teravainen.
12:49 of 3rd period - Shot Blocked by Nikita Zadorov.
12:51 of 3rd period - Snap shot by Teuvo Teravainen.
12:51 of 3rd period - Stopped by Devan Dubnyk with a rebound.
12:53 of 3rd period - Wrist shot by Teuvo Teravainen.
12:53 of 3rd period - Deflect By Marcus Johansson.
12:53 of 3rd period - Shot Blocked by Kris Letang.
12:53 of 3rd period - Puck is out of play.
12:54 of 3rd period - Sidney Crosby wins face-off versus Evgeny Kuznetsov in Wild zone.
13:32 of 3rd period - Jonas Brodin is hit by Gabriel Landeskog and loses puck.
13:49 of 3rd period - Marcus Johansson is hit by Justin Braun and loses puck.
13:56 of 3rd period - Snap shot by Teuvo Teravainen.
13:56 of 3rd period - Goal by Teuvo Teravainen - Sharks : 3 - Wild : 3.
13:57 of 3rd period - Jack Eichel wins face-off versus Patric Hornqvist in neutral zone.
14:46 of 3rd period - Off-side.
14:47 of 3rd period - Joel Ward wins face-off versus Sidney Crosby in neutral zone.
15:55 of 3rd period - Slapshot by Kris Letang.
15:55 of 3rd period - Deflect By Chris Tierney.
15:55 of 3rd period - Shot Misses the Net.
15:55 of 3rd period - Puck is out of play.
15:56 of 3rd period - Chris Tierney wins face-off versus Gabriel Landeskog in Sharks zone.
16:22 of 3rd period - Ryan Hartman is hit by Dylan Larkin and loses puck.
16:54 of 3rd period - Dan Girardi is hit by Chris Tierney and loses puck.
17:01 of 3rd period - Wrist shot by Christian Dvorak.
17:01 of 3rd period - Stopped by Jake Allen without a rebound.
17:02 of 3rd period - Adam Lowry wins face-off versus Boone Jenner in Sharks zone.
17:09 of 3rd period - Snap shot by William Nylander.
17:09 of 3rd period - Stopped by Jake Allen without a rebound.
17:10 of 3rd period - Boone Jenner wins face-off versus Adam Lowry in Sharks zone.
17:10 of 3rd period - Boone Jenner is hit by William Nylander.
17:46 of 3rd period - Wrist shot by William Nylander.
17:46 of 3rd period - Deflect By Mikkel Boedker.
17:46 of 3rd period - Stopped by Jake Allen with a rebound.
17:48 of 3rd period - Wrist shot by Adam Lowry.
17:48 of 3rd period - Shot Misses the Net.
17:50 of 3rd period - Wrist shot by Jonas Brodin.
17:50 of 3rd period - Deflect By William Nylander.
17:50 of 3rd period - Shot Misses the Net.
17:50 of 3rd period - Puck is out of play.
17:51 of 3rd period - Sidney Crosby wins face-off versus Jack Eichel in Sharks zone.
17:51 of 3rd period - Sidney Crosby is hit by Nikita Zadorov.
18:13 of 3rd period - Minor Penalty to Nikita Zadorov for Interference.
18:14 of 3rd period - Adam Lowry wins face-off versus Sidney Crosby in Wild zone.
18:41 of 3rd period - Dylan Larkin is hit by Martin Marincin and loses puck.
Goals for this period are 3 for Sharks vs 0 for Wild.
Shots for this period are 10 for Sharks vs 15 for Wild.

Overtime #1


0:01 of 1st overtime period - Adam Lowry wins face-off versus Dylan Larkin in neutral zone.
0:10 of 1st overtime period - Backhand shot by Adam Lowry.
0:10 of 1st overtime period - Stopped by Jake Allen with a rebound.
0:12 of 1st overtime period - Slapshot by Jonas Brodin.
0:12 of 1st overtime period - Stopped by Jake Allen without a rebound.
0:13 of 1st overtime period - Penalty to Nikita Zadorov is over, Nikita Zadorov is back on ice.
0:13 of 1st overtime period - Jack Eichel wins face-off versus Sidney Crosby in Sharks zone.
0:21 of 1st overtime period - Snap shot by Kris Letang.
0:21 of 1st overtime period - Deflect By Gabriel Landeskog.
0:21 of 1st overtime period - Stopped by Jake Allen with a rebound.
0:25 of 1st overtime period - Snap shot by Jack Eichel.
0:25 of 1st overtime period - Shot Misses the Net.
0:27 of 1st overtime period - Wrist shot by Jack Eichel.
0:27 of 1st overtime period - Stopped by Jake Allen without a rebound.
0:28 of 1st overtime period - Marcus Johansson wins face-off versus Sidney Crosby in Sharks zone.
0:37 of 1st overtime period - Wrist shot by Marcus Johansson.
0:37 of 1st overtime period - Shot Hit the Post.
0:39 of 1st overtime period - Snap shot by Marcus Johansson.
0:39 of 1st overtime period - Stopped by Jake Allen without a rebound.
0:40 of 1st overtime period - Gabriel Landeskog wins face-off versus Jack Eichel in Sharks zone.
0:44 of 1st overtime period - Off-side.
0:45 of 1st overtime period - Gabriel Landeskog wins face-off versus Jack Eichel in neutral zone.
2:15 of 1st overtime period - Off-side.
2:16 of 1st overtime period - Sidney Crosby wins face-off versus Adrian Kempe in neutral zone.
2:19 of 1st overtime period - Slapshot by Tyson Barrie.
2:19 of 1st overtime period - Stopped by Devan Dubnyk with a rebound.
2:29 of 1st overtime period - Slapshot by Brent Burns.
2:29 of 1st overtime period - Shot Misses the Net.
3:54 of 1st overtime period - Wrist shot by Adam Lowry.
3:54 of 1st overtime period - Shot Misses the Net.
Goals for this period are 0 for Sharks vs 0 for Wild.
Shots for this period are 1 for Sharks vs 5 for Wild.

ShootOut


5:00 of 1st overtime period - Penalty Shot by Sidney Crosby for Sharks.
5:00 of 1st overtime period - Deke by Sidney Crosby.
5:00 of 1st overtime period - Stopped by Devan Dubnyk.
5:00 of 1st overtime period - Penalty Shot by Brent Burns for Wild.
5:00 of 1st overtime period - Deke by Brent Burns.
5:00 of 1st overtime period - Stopped by Jake Allen.
5:00 of 1st overtime period - Penalty Shot by Gabriel Landeskog for Sharks.
5:00 of 1st overtime period - Wrist shot by Gabriel Landeskog.
5:00 of 1st overtime period - Stopped by Devan Dubnyk.
5:00 of 1st overtime period - Penalty Shot by Jack Eichel for Wild.
5:00 of 1st overtime period - Deke by Jack Eichel.
5:00 of 1st overtime period - Shot Misses the Net.
5:00 of 1st overtime period - Penalty Shot by Jonathan Huberdeau for Sharks.
5:00 of 1st overtime period - Wrist shot by Jonathan Huberdeau.
5:00 of 1st overtime period - Shot Misses the Net.
5:00 of 1st overtime period - Penalty Shot by Marcus Johansson for Wild.
5:00 of 1st overtime period - Snap shot by Marcus Johansson.
5:00 of 1st overtime period - Stopped by Jake Allen.
5:00 of 1st overtime period - Penalty Shot by Jonathan Drouin for Sharks.
5:00 of 1st overtime period - Snap shot by Jonathan Drouin.
5:00 of 1st overtime period - Stopped by Devan Dubnyk.
5:00 of 1st overtime period - Penalty Shot by Evgeny Kuznetsov for Wild.
5:00 of 1st overtime period - Wrist shot by Evgeny Kuznetsov.
5:00 of 1st overtime period - Goal by Evgeny Kuznetsov.